 Dungeon Crawl Stone Soup version 0.30-a0-778-g2ef04afb54 (webtiles) character file.

Game seed: 1776786163818987256

60 DEFE the Trooper (level 3, 0/29 HPs)
             Began as a Demonspawn Wanderer on Feb 15, 2023.
             Slain by Natasha (5 damage)
             ... on level 2 of the Dungeon.
             The game lasted 00:01:49 (1069 turns).

DEFE the Trooper (Demonspawn Wanderer)              Turns: 1069, Time: 00:01:50

Health: 0/29       AC:  8    Str: 12    XL:     3   Next: 82%
Magic:  6/6        EV: 10    Int: 16    God:
Gold:   13         SH:  0    Dex: 11    Spells: 6/6 levels left

rFire   . . .      SeeInvis .    e - +0 spear
rCold   . . .      Faith    .    (no shield)
rNeg    . . .      Spirit   .    h - +0 ring mail
rPois   .          Reflect  .    n - +0 helmet
rElec   .          Harm     .    (no cloak)
rCorr   .          Rampage  .    d - +0 pair of gloves
Will    .....                    o - +0 pair of boots
Stlth   +                        (no amulet)
HPRegen 0.24/turn                (no ring)
MPRegen 0.10/turn                (no ring)

@: slowed, very slow
A: foul stench 1
a: no special abilities


You were on level 2 of the Dungeon.
You visited 1 branch of the dungeon, and saw 2 of its levels.

You collected 78 gold pieces.
You spent 65 gold pieces at shops.

Inventory:

Hand Weapons
 a - a +0 dagger
 e - a +0 spear (weapon)
Armour
 c - a +0 robe
 d - a +0 pair of gloves (worn)
 h - a +0 ring mail (worn)
 n - a +0 helmet (worn)
 o - a +0 pair of boots (worn)
Scrolls
 j - 4 scrolls of identify
 k - a scroll of fear
 l - 2 scrolls of teleportation
 m - a scroll of enchant weapon
Potions
 f - a potion of cancellation {unknown}
 g - a potion of degeneration {unknown}
 i - a potion of berserk rage {unknown}


   Skills:
 + Level 3.5 Fighting
 - Level 2.6 Stealth
 - Level 2.0 Spellcasting
 - Level 1.0 Ice Magic
 - Level 2.6 Air Magic
 - Level 1.0 Evocations


You had 6 spell levels left.
You didn't know any spells.
Your spell library contained the following spells:

 Spells                   Type           Power      Damage    Failure   Level
 Shock                    Conj/Air       20%        1d4       26%         1
 Freeze                   Ice            16%        1d4       30%         1
 Frozen Ramparts          Ice            8%         1d2       67%         3
 Mephitic Cloud           Conj/Pois/Air  4%         N/A       69%         3
 Summon Lightning Spire   Summ/Air       5%         N/A       95%         4


Dungeon Overview and Level Annotations

Branches:
Dungeon (2/15)

Altars:

Shops:
D:1 ?

Annotations:
D:2 Natasha


Innate Abilities, Weirdness & Mutations

You may rarely emit foul miasma when damaged in melee.


Message History

* * * LOW HITPOINT WARNING * * *
The crimson imp hits you but does no damage.
Natasha claws you but does no damage.
You regained 6 hp, and now have 8/29 hp.
Unknown command.
You hit Natasha but do no damage.
The crimson imp blinks!
Natasha claws you but does no damage. The crimson imp hits you.
* * * LOW HITPOINT WARNING * * *
Unknown command.
Unknown command.
You barely miss Natasha. The crimson imp puffs mist at you.
Natasha barely misses you.
The crimson imp hits you but does no damage.
Natasha stares at you and mumbles some strange words.
The magic dart hits you but does no damage.
The crimson imp hits you but does no damage.
Unknown command.
You hit Natasha.
You feel yourself speed up.
Natasha stares at you and mumbles some strange words.
You feel yourself slow down.
The crimson imp hits you but does no damage. x2
Natasha claws you but does no damage.
Unknown command.
You hit Natasha but do no damage.
The crimson imp disappears in a puff of smoke! x2
Natasha claws you.
* * * LOW HITPOINT WARNING * * *
You take 4 damage, and have 5/29 hp.
Unknown command.
You hit Natasha but do no damage. Natasha claws you.
* * * LOW HITPOINT WARNING * * *
Natasha extends her claws.
Natasha stares at you and mumbles some strange words.
You feel as though you will be slow longer.
You take 1 damage, and have 4/29 hp.
Unknown command.
You hit Natasha but do no damage. Natasha claws you.
You die...

.# S# # .# ##########
#. .# .........####
#.###.#
......§.§..>####.....#
........$#.....# #...#
#[.†.h@.##.##.###..####
##.####.............†.#
##.......#...<#.#
#.......#....#.#
#.......#.####.#
#.......#......#
#.........# ..#
#.......#.# ..#
###.#####.# #...


You could see Natasha.

Vanquished Creatures
  Jessica (D:2)
  A dart slug (D:1)
  5 bats
  4 endoplasms (D:1)
  2 goblins (D:1)
  3 hobgoblins
  2 quokkas (D:1)
  3 ball pythons
  3 frilled lizards
  5 kobolds (D:1)
  3 rats
32 creatures vanquished.

Notes
Turn   | Place    | Note
-------+----------+-------------------------------------------
     0 | D:1      | DEFE the Demonspawn Wanderer began the quest for the Orb.
     0 | D:1      | DEFE set off with the following items: a +0 dagger, a
                  | potion of curing, a +0 robe, a +0 pair of gloves; and the
                  | following spells available to memorise: Shock, Freeze,
                  | Frozen Ramparts, Mephitic Cloud, Summon Lightning Spire.
     0 | D:1      | Reached XP level 1. HP: 13/13 MP: 3/3
   141 | D:1      | Reached skill level 1 in Fighting
   206 | D:1      | Gained mutation: You may rarely emit foul miasma when
                  | damaged in melee. [demonic ancestry]
   206 | D:1      | Reached XP level 2. HP: 18/22 MP: 5/5
   245 | D:1      | Reached skill level 2 in Fighting
   503 | D:1      | Found Rixteagawn's Magic Scroll Boutique.
   528 | D:1      | Bought a scroll of identify for 26 gold pieces
   746 | D:1      | Reached XP level 3. HP: 22/28 MP: 6/6
   933 | D:1      | Bought a scroll of teleportation for 39 gold pieces
  1047 | D:2      | Noticed Jessica
  1048 | D:2      | Noticed Natasha
  1050 | D:2      | Killed Jessica
  1051 | D:2      | Reached skill level 3 in Fighting
  1069 | D:2      | Slain by Natasha

Illustrated notes

Levels and vault maps discovered:
D:1:      dpeg_arrival_boxorama, layout_basic, serial_shops, shop_fountains,
          hangedman_feature_mirror
D:2:      layout_basic, dreamdust_ecumenical_altar_grove,
          minmay_misc_feat_pillars, minmay_bisected, uniq_jessica, uniq_natasha

Skill      XL: |  1  2  3 |
---------------+----------+-----
Fighting       | 1 2 3 |  3.5
Stealth        | |  2.6
Spellcasting   | |  2.0
Ice Magic      | |  1.0
Air Magic      | |  2.6
Evocations     | |  1.0

Action                     || total
---------------------------++-------
  Melee: Spear             ||   143
    Use: Scroll            ||     2
         Potion            ||     1
   Stab: Sleeping          ||     1
 Armour: Robe              ||    14
         Ring mail         ||    57
  Dodge: Dodged            ||    64

Table legend: (Time is in decaauts)
 A = Elapsed time spent in this place.
 B = Non-inter-level travel time spent in this place.
 C = Inter-level travel time spent in this place.
 D = Time resting spent in this place.
 E = Time spent auto-exploring this place.
 F = Levels seen in this place.
 G = Mean time per level.
                   A        B        C        D        E       F      G
               +--------+--------+--------+--------+--------+-----+--------+
         Total |   1093 |   1033 |     60 |    186 |    533 |   2 |  546.5 |
       Dungeon |   1093 |   1033 |     60 |    186 |    533 |   2 |  546.5 |
               +--------+--------+--------+--------+--------+-----+--------+

Top non-repeatable levels by time:
     D:1: 955 daAuts
     D:2: 138 daAuts
